AoeStats
← golgi

Arena

510663575Analyzed
4v4 RM · 16h ago on Oct 2, 2026· 54m 6s· 8 players
Game mode
Random Map
Map size
Large (8 player)
Population
200
Speed
Normal
Resources
Standard
Victory
Conquest
Starting age
Dark Age
Ending age
Imperial Age
RankedLock teamsTeams togetherTeam positionsShared explorationLock speedFull tech treeHidden civsTurbo modeCheats
Victory
Defeat
🇧🇷 Celts · Brazil
837
+11
🇧🇷 Khmer · Brazil
803
+12
🇧🇷 Saxons · Brazil
801
+12
🇧🇷 Bohemians · Brazil
795
+13
🇹🇷 Slavs · Türkiye
780
-14
🇺🇸 Japanese · United States
731
-12
🇨🇴 Celts · Colombia
718
-12
🇺🇸 Bohemians · United States
654
-10
drtySASQUATCH69
0:44 Loom
18:18 Feudal Age
19:36 Wheelbarrow
18:49 Horse Collar
18:57 Double-Bit Axe
19:07 Gold Mining
19:12 Stone Mining
22:55 Forging
22:46 Scale Mail Armor
26:13 Castle Age
28:20 Hand Cart
28:21 Bow Saw
28:15 Heavy Plow
28:54 Gold Shaft Mining
29:20 Iron Casting
29:02 Chain Mail Armor
29:01 Squires
28:48 Gambesons
29:13 Caravan
37:46 Imperial Age
39:34 Blast Furnace
39:05 Plate Mail Armor
39:39 Two-Man Saw
39:42 Kataparuto
39:45 Conscription
39:49 Ballistics
40:31 Chemistry
39:58 Onager
40:33 Elite Samurai
49:53 Scale Barding Armor
50:35 Husbandry
50:46 Bloodlines
49:57 Light Cavalry
51:27 Chain Barding Armor
Scoobydoo117778
1:14 Loom
14:23 Feudal Age
16:28 Horse Collar
16:36 Double-Bit Axe
17:36 Man-at-Arms
18:02 Arson
23:43 Castle Age
21:30 Town Watch
22:24 Wheelbarrow
22:21 Fletching
23:22 Town Watch
26:41 Pikeman
27:23 Squires
29:28 Bow Saw
29:55 Heavy Plow
30:38 Hand Cart
34:45 Imperial Age
33:48 Chemistry
32:59 Bodkin Arrow
34:00 Long Swordsman
35:07 Houfnice
37:04 Siege Engineers
37:29 Ballistics
38:44 Bracer
40:31 Halberdier
42:17 Onager
golgi
11:55 Feudal Age
16:33 Castle Age
14:58 Double-Bit Axe
15:42 Horse Collar
17:38 Padded Archer Armor
22:51 Gold Mining
22:55 Fletching
24:23 Heavy Plow
25:27 Wheelbarrow
24:38 Loom
25:12 Town Watch
26:57 Bodkin Arrow
28:27 Ballistics
31:16 Imperial Age
30:28 Gold Shaft Mining
29:44 Stone Mining
30:21 Bow Saw
31:26 Murder Holes
32:27 Forging
32:50 Detinets
33:36 Hand Cart
35:41 Elite Boyar
37:02 Fortified Wall
36:58 Siege Engineers
37:59 Iron Casting
37:38 Caravan
37:57 Town Patrol
38:18 Pikeman
38:58 Squires
38:24 Elite Skirmisher
40:17 Chemistry
39:19 Scale Mail Armor
39:21 Halberdier
40:26 Conscription
40:59 Crop Rotation
40:23 Heavy Cavalry Archer
42:08 Leather Archer Armor
42:58 Blast Furnace
42:13 Chain Mail Armor
42:05 Scale Barding Armor
44:31 Druzhina
44:07 Heavy Scorpion
45:29 Onager
50:30 Bloodlines
50:21 Husbandry
49:41 Light Cavalry
52:27 Siege Onager
sergiorh300
11:01 Feudal Age
12:07 Double-Bit Axe
12:14 Gold Mining
13:17 Horse Collar
18:48 Castle Age
18:21 Loom
19:32 Forging
19:13 Fletching
20:12 Bow Saw
20:03 Heavy Plow
21:15 Stone Mining
31:24 Imperial Age
29:59 Scale Mail Armor
32:20 Gold Shaft Mining
33:26 Chemistry
32:57 Caravan
34:02 Iron Casting
33:43 Chain Mail Armor
33:38 Onager
38:59 Murder Holes
39:26 Ballistics
38:57 Elite Woad Raider
43:25 Bodkin Arrow
Sardinha
12:58 Feudal Age
16:10 Castle Age
14:07 Horse Collar
14:19 Double-Bit Axe
15:59 Wheelbarrow
15:24 Stone Mining
17:12 Bow Saw
17:03 Heavy Plow
18:39 Stone Shaft Mining
21:16 Gold Mining
25:05 Gold Shaft Mining
28:29 Caravan
29:26 Light Cavalry
30:17 Bloodlines
32:46 Imperial Age
30:34 Hand Cart
30:06 Loom
30:06 Town Watch
31:39 Tusk Swords
31:43 Murder Holes
31:59 Fortified Wall
32:09 Ballistics
32:45 Scale Barding Armor
33:26 Forging
32:46 Elite Ballista Elephant
33:28 Double Crossbow
33:51 Conscription
33:24 Hussar
37:42 Chemistry
36:48 Siege Engineers
39:45 Iron Casting
39:22 Masonry
joaovlogs
12:27 Feudal Age
17:03 Castle Age
15:07 Double-Bit Axe
20:55 Horse Collar
22:50 Heavy Plow
23:08 Bow Saw
26:19 Wheelbarrow
25:46 Heavy Plow
28:33 Hand Cart
31:49 Caravan
33:04 Chemistry
32:33 Town Watch
33:39 Forging
33:34 Town Patrol
36:33 Imperial Age
35:13 Masonry
35:03 Crossbowman
36:16 Wagenburg Tactics
36:37 Ballistics
36:21 Elite Skirmisher
37:38 Houfnice
39:12 Guilds
39:44 Conscription
39:33 Loom
41:49 Iron Casting
42:17 Two-Man Saw
42:26 Architecture
41:18 Man-at-Arms
41:19 Pikeman
41:59 Squires
41:45 Arson
42:58 Long Swordsman
44:10 Bombard Tower
43:42 Guard Tower
46:44 Heavy Scorpion
46:48 Arbalester
47:16 Arrowslits
48:07 Keep
47:26 Fletching
47:36 Padded Archer Armor
Mikro
12:11 Feudal Age
16:25 Castle Age
14:16 Double-Bit Axe
14:13 Horse Collar
15:08 Gold Mining
15:12 Stone Mining
18:17 Wheelbarrow
17:53 Bow Saw
17:58 Heavy Plow
24:09 Gold Shaft Mining
24:31 Hand Cart
25:22 Fletching
26:52 Bodkin Arrow
27:08 Forging
26:58 Scale Mail Armor
27:58 Redemption
27:54 Loom
27:54 Town Watch
28:08 Clerical Recruitment
29:52 Iron Casting
29:17 Scale Mail Armor
29:13 Arson
29:29 Squires
30:14 Masonry
30:14 Fortified Wall
31:18 Ballistics
30:42 Treadmill Crane
31:29 Scale Mail Armor
31:35 Scale Barding Armor
31:45 Atonement
32:42 Chain Mail Armor
32:30 Town Patrol
35:25 Imperial Age
35:15 Murder Holes
36:38 Crop Rotation
37:09 Two-Man Saw
36:13 Bracer
36:43 Plate Mail Armor
36:42 Illumination
36:33 Block Printing
36:53 Theocracy
36:52 Architecture
37:24 Chemistry
36:30 Siege Engineers
36:11 Arrowslits
36:54 Conscription
35:56 Shield Wall
35:57 Elite Hearth Troop
37:13 Hoardings
36:19 Capped Ram
38:26 Hoardings
38:15 Siege Ram
39:20 Guilds
41:31 Hoardings
44:12 Caravan
44:50 Sappers
52:19 Sanctity
supameN
11:56 Feudal Age
16:55 Castle Age
14:51 Double-Bit Axe
14:50 Horse Collar
18:36 Wheelbarrow
18:30 Gold Mining
19:07 Bow Saw
20:59 Heavy Plow
23:27 Stone Mining
24:23 Hand Cart
27:39 Gold Shaft Mining
28:16 Ballistics
28:10 Masonry
28:54 Guard Tower
32:57 Imperial Age
30:17 Light Cavalry
30:58 Husbandry
31:54 Stone Shaft Mining
31:07 Loom
31:58 Scale Barding Armor
31:59 Murder Holes
32:14 Fortified Wall
31:55 Heated Shot
32:10 Stronghold
33:10 Coinage
33:02 Heavy Scorpion
34:45 Chemistry
33:52 Town Watch
34:35 Scale Mail Armor
34:55 Chain Barding Armor
35:31 Banking
35:54 Siege Engineers
36:30 Guilds
36:39 Caravan
37:36 Keep
37:20 Chain Mail Armor
37:38 Arrowslits
38:29 Furor Celtica
39:11 Town Patrol
41:15 Hoardings
41:02 Conscription
41:14 Onager
41:14 Capped Ram
41:22 Pikeman
41:48 Arson
41:31 Cavalier
46:32 Paladin
46:32 Hussar
Connection lost

Rejoining the realm…

Still unreachable

The connection could not be restored.

Session expired

The server has moved on; the page needs a fresh start.